 Dungeon Crawl Stone Soup version 0.28-a0-919-g0b5b508569 (console) character file.

Game seed: 13673218279339245065

11267 jejorda2 the Thrower (level 11, 0/72 HPs)
             Began as a Gargoyle Berserker on Nov 25, 2021.
             Was an Elder of Trog.
             Slain by a skeletal warrior (20 damage)
             ... led by a skeletal warrior
             ... on level 11 of the Dungeon.
             The game lasted 00:29:41 (10820 turns).

jejorda2 the Thrower (Gargoyle Berserker)          Turns: 10820, Time: 00:29:41

Health: 0/72       AC: 34    Str: 27    XL:     11   Next: 75%
Magic:  11/11      EV:  8    Int:  7    God:    Trog [****..]
Gold:   365        SH:  9    Dex:  9    Spells: 10/10 levels left

rFire   . . .      SeeInvis .   a - +2 dagger (elec)
rCold   + . .      Faith    .   N - +0 buckler
rNeg    + . .      Spirit   .   u - +0 plate armour
rPois   ∞          Reflect  +   K - +2 helmet
rElec   +          Harm     .   B - +2 cloak "Taneps" {Str+2}
rCorr   .          Rampage  .   (no gloves)
Will    .....                   q - +0 pair of boots
Stlth   ..........              f - amulet of reflection
HPRegen 0.22/turn               e - ring of protection from cold
MPRegen 0.12/turn               w - +4 ring of protection

@: about to teleport, on berserk cooldown, slowed, studying Short Blades, very
slow
A: sickness immunity, AC +8, negative energy resistance 1, electricity
resistance, torment resistance 1, petrification resistance
a: Renounce Religion, Berserk, Trog's Hand, Brothers in Arms


You were on level 11 of the Dungeon.
You worshipped Trog.
Trog was greatly pleased with you.
You visited 1 branch of the dungeon, and saw 11 of its levels.

You collected 620 gold pieces.
You spent 255 gold pieces at shops.

Inventory:

Hand Weapons
 a - a +2 dagger of electrocution (weapon)
 o - a +3 great sword of freezing
 p - a +2 long sword
 L - a +0 hunting sling
 O - a +1 scimitar
Missiles
 h - 326 stones (quivered)
 j - 5 boomerangs
 k - 2 throwing nets
 m - 55 poisoned darts
 s - 5 atropa-tipped darts
 F - 2 curare-tipped darts
 I - 103 sling bullets
Armour
 q - a +0 pair of boots (worn)
 u - a +0 plate armour (worn)
 B - the +2 cloak "Taneps" (worn) {Str+2}
   (You found it on level 4 of the Dungeon)

   Str:       It affects your strength (+2).
 D - a +0 tower shield
 K - a +2 helmet (worn)
 N - a +0 buckler (worn)
Jewellery
 e - a ring of protection from cold (left hand)
 f - an amulet of reflection (around neck)
 v - a ring of resist corrosion
 w - a +4 ring of protection (right hand)
 y - a ring of protection from cold
 E - a +4 ring of protection
Wands
 b - a wand of flame (55)
 x - a wand of digging (4)
 z - a wand of paralysis (5)
 A - a wand of polymorph (24)
 M - a wand of iceblast (9)
Scrolls
 d - 5 scrolls of teleportation
 n - a scroll of fear
 r - a scroll of fog
 H - a scroll of magic mapping
Potions
 c - 3 potions of flight
 g - a potion of attraction {unknown}
 i - 4 potions of ambrosia
 l - a potion of heal wounds
 t - a potion of degeneration {unknown}
 C - 3 potions of curing
 G - a potion of invisibility
 J - 2 potions of cancellation


   Skills:
 + Level 10.0 Fighting
 - Level 10.0 Short Blades
 - Level 0.8(6.3) Long Blades
 - Level 3.2 Maces & Flails
 - Level 12.0 Throwing
 + Level 10.0 Armour
 - Level 1.5 Dodging
 - Level 3.0 Stealth
 * Level 2.6 Shields


You had 10 spell levels left.
You didn't know any spells.
Your spell library was empty.

Dungeon Overview and Level Annotations

Branches:
Dungeon (11/15)            Temple (0/1) D:7             Orc (0/2) D:10
   Lair: D:8-11

Altars:
Ashenzari
Cheibriados
Elyvilon
Gozag
Nemelex Xobeh
Qazlal
Sif Muna
Vehumet
Xom
The Shining One
Beogh

Shops:
D:1 :   D:8 ?   D:10 [   D:11 *


Innate Abilities, Weirdness & Mutations

You are immune to sickness and miasma.
Your stone body is resilient. (AC +8)
You are immune to poison.
You resist negative energy. (rN+)
You are resistant to electric shocks. (rElec)
You are resistant to unholy torment.
You are immune to petrification.


Message History

You hit the skeletal warrior but do no damage.
The skeletal warrior is almost destroyed.
The skeletal warrior hits you but does no damage.
You hit the skeletal warrior but do no damage.
The skeletal warrior is almost destroyed.
You block the skeletal warrior's attack.
You hit the skeletal warrior but do no damage.
The skeletal warrior is almost destroyed.
The skeletal warrior barely misses you.
You hit the skeletal warrior.
The skeletal warrior is almost destroyed.
You block the skeletal warrior's attack.
You hit the skeletal warrior but do no damage.
The skeletal warrior is almost destroyed.
The skeletal warrior hits you but does no damage.
You hit the skeletal warrior but do no damage.
The skeletal warrior is almost destroyed.
The skeletal warrior hits you but does no damage.
You closely miss the skeletal warrior.
The skeletal warrior is almost destroyed.
You hit the skeletal warrior.
The skeletal warrior is almost destroyed.
The skeletal warrior hits you but does no damage.
You hit the skeletal warrior but do no damage.
Lightning courses through the skeletal warrior!
You destroy the skeletal warrior!
Trog accepts your kill.
Your Fighting skill increases to level 10!
Your Armour skill increases to level 10!
Your Shields skill increases to level 2!
Press: ? - help, v - describe, . - travel, g - get item Item here: a +1 scimitar.
The floor. 2 skeletal warriors come into view.
You see here a +1 scimitar.
O - a +1 scimitar
As you read the scroll of teleportation, it crumbles to dust.
You feel strangely unstable.
The skeletal warrior hits you from afar with a +0 halberd!!
You die...

#......#
##..####.#
######.##
##>.....#
#..##
#..####.#
##..####..#
##..##..##
#......#
##....##
####...#
#....)@#
#.....#..#
#.######zz.
# ....#
...## ...#
.... ##..#


You could see 2 skeletal warriors.

Vanquished Creatures
  3 two-headed ogres
  A tengu warrior (D:10)
  2 skeletal warriors (D:11)
  An orc knight (D:10)
  Psyche (D:8)
  A tengu conjurer (D:10)
  2 trolls
  2 hornets
  A wyvern (D:10)
  4 yaks (D:8)
  2 steam dragons
  A vampire mosquito (D:9)
  4 water moccasins
  A sky beast (D:6)
  A hornet zombie (D:7)
  5 orc warriors
  A black bear (D:6)
  5 necrophages
  An ogre (shapeshifter) (D:11)
  3 centaurs
  2 ogres
  2 phantoms
  2 kobold brigands
  A gnoll sergeant (D:11)
  2 bullfrogs
  A wyvern zombie (D:8)
  3 scorpions
  A water moccasin skeleton (D:6)
  4 killer bees
  9 wights
  4 howler monkeys
  10 orc priests
  3 hounds
  A jelly (D:6)
  A bullfrog zombie (D:5)
  5 centaur zombies
  2 gnoll shamans (D:5)
  An iron imp (D:7)
  2 iguanas
  Natasha (thrice) (D:2)
  4 orc wizards
  12 gnolls
  A howler monkey zombie (D:8)
  5 adders
  3 white imps
  2 ufetubi (D:4)
  An adder skeleton (D:4)
  A worm (D:3)
  2 dart slugs (D:2)
  35 orcs
  6 ball pythons
  6 endoplasms
  5 giant cockroaches
  6 goblins
  5 hobgoblins
  9 jackals
  19 kobolds
  5 quokkas
  2 bats
  5 frilled lizards
  7 rats
242 creatures vanquished.

Vanquished Creatures (others)
  A white imp (D:8)
  2 orcs
  A plant (D:10)
  3 withered plants (D:8)
7 creatures vanquished.

Grand Total: 249 creatures vanquished

Notes
Turn   | Place    | Note
-------+----------+-------------------------------------------
     0 | D:1      | jejorda2 the Gargoyle Berserker began the quest for the
                  | Orb.
     0 | D:1      | Reached XP level 1. HP: 14/14 MP: 1/1
   217 | D:1      | Found Qitungix's Book Shoppe.
   286 | D:1      | Reached XP level 2. HP: 19/19 MP: 2/2
   870 | D:1      | Reached ** piety under Trog
   926 | D:1      | Reached skill level 1 in Short Blades
   953 | D:1      | Reached XP level 3. HP: 23/23 MP: 3/3
  1378 | D:2      | Noticed Natasha
  1381 | D:2      | Killed Natasha
  1623 | D:2      | Noticed Natasha
  1635 | D:2      | Killed Natasha
  1636 | D:2      | Reached XP level 4. HP: 29/29 MP: 4/4
  1897 | D:2      | Noticed Natasha
  1905 | D:2      | Killed Natasha
  1906 | D:2      | Reached XP level 5. HP: 33/33 MP: 5/5
  2938 | D:4      | Reached XP level 6. HP: 36/39 MP: 6/6
  2941 | D:4      | Reached *** piety under Trog
  3320 | D:4      | Reached skill level 5 in Fighting
  3320 | D:4      | Reached XP level 7. HP: 44/44 MP: 7/7
  3473 | D:4      | Identified the +2 cloak "Taneps" {Str+2}
  3817 | D:5      | Entered Level 5 of the Dungeon
  3870 | D:5      | Identified a scroll of acquirement
  3870 | D:5      | Acquired a manual of Throwing
  3877 | D:5      | Reached skill level 5 in Short Blades
  3893 | D:4      | Reached skill level 5 in Armour
  4008 | D:5      | Found a glowing golden altar of the Shining One.
  4013 | D:5      | Reached XP level 8. HP: 48/51 MP: 8/8
  4049 | D:5      | Found an opulent altar of Gozag.
  4125 | D:5      | Acquired a manual of Short Blades
  4206 | D:5      | Found a radiant altar of Vehumet.
  4895 | D:6      | Noticed a two-headed ogre
  4905 | D:6      | Killed a two-headed ogre
  4906 | D:6      | Reached XP level 9. HP: 55/55 MP: 9/9
  5011 | D:6      | Reached skill level 10 in Short Blades
  5236 | D:6      | Reached skill level 2 in Throwing
  5247 | D:6      | Reached skill level 3 in Throwing
  5261 | D:6      | Reached skill level 4 in Throwing
  5275 | D:6      | Reached skill level 5 in Throwing
  5508 | D:6      | Reached skill level 6 in Throwing
  5696 | D:7      | Found a staircase to the Ecumenical Temple.
  5769 | D:7      | Found a stormy altar of Qazlal.
  5863 | D:7      | Reached skill level 7 in Throwing
  5914 | D:7      | Found a snail-covered altar of Cheibriados.
  6092 | D:7      | Reached skill level 8 in Throwing
  6405 | D:7      | Reached skill level 1 in Stealth
  6649 | D:8      | Reached skill level 9 in Throwing
  6681 | D:8      | Found a shimmering altar of Xom.
  6694 | D:8      | Found Degogrud's Magic Scroll Shoppe.
  6695 | D:8      | Noticed a hornet
  6711 | D:8      | Killed a hornet
  6712 | D:8      | Reached XP level 10. HP: 59/60 MP: 10/10
  6733 | D:8      | Reached skill level 10 in Throwing
  6817 | D:8      | Noticed Psyche
  6899 | D:8      | Reached skill level 11 in Throwing
  6911 | D:8      | Killed Psyche
  6994 | D:8      | Reached **** piety under Trog
  7224 | D:8      | Paralysed by a wight for 2 turns
  7278 | D:8      | Reached skill level 12 in Throwing
  7556 | D:8      | Found a sparkling altar of Nemelex Xobeh.
  8516 | D:10     | Entered Level 10 of the Dungeon
  8686 | D:10     | Reached XP level 11. HP: 68/68 MP: 11/11
  8708 | D:10     | Found Plog's Antique Armour Boutique.
  8732 | D:10     | Bought a shiny helmet for 255 gold pieces
  8749 | D:10     | Noticed a tengu warrior
  8758 | D:10     | Killed a tengu warrior
  8836 | D:10     | Noticed a two-headed ogre
  8852 | D:10     | Killed a two-headed ogre
  8857 | D:10     | Noticed an orc knight
  9053 | D:10     | Killed an orc knight
  9112 | D:10     | Found a staircase to the Orcish Mines.
  9329 | D:10     | Found a broken altar of Ashenzari.
  9380 | D:10     | Found a shimmering blue altar of Sif Muna.
  9913 | D:11     | Found Zuulac's Demolitions Depot.
 10031 | D:11     | Noticed a two-headed ogre
 10043 | D:11     | Killed a two-headed ogre
 10402 | D:11     | Found a white marble altar of Elyvilon.
 10761 | D:11     | Noticed a skeletal warrior
 10766 | D:11     | Noticed a skeletal warrior
 10783 | D:11     | Killed a skeletal warrior
 10784 | D:11     | Reached skill level 1 in Shields
 10817 | D:11     | Killed a skeletal warrior
 10818 | D:11     | Reached skill level 10 in Fighting
 10818 | D:11     | Reached skill level 10 in Armour
 10818 | D:11     | Noticed a skeletal warrior
 10818 | D:11     | Noticed a skeletal warrior
 10820 | D:11     | Slain by a skeletal warrior

Illustrated notes

Levels and vault maps discovered:
D:1:      wander_arrival_chamber, layout_basic, serial_aquarium,
          aquarium_bridge_square [aquarium_subvault_window,
          aquarium_subvault_window, aquarium_subvault_bridge,
          aquarium_subvault_window], aquarium_bridge_long_separate
          [aquarium_subvault_bridge, aquarium_subvault_bridge,
          aquarium_subvault_wall, aquarium_subvault_balcony,
          aquarium_subvault_bridge, aquarium_subvault_balcony],
          aquarium_window_fake, aquarium_window_3, aquarium_window_2,
          aquarium_view_2d, aquarium_view_2e, aquarium_balcony_double_3,
          aquarium_pool_1, serial_shops, nicolae_shop_trees
D:2:      minmay_wonky_spiral, layout_basic, uniq_natasha
D:3:      layout_loops_cross
D:4:      layout_gridville
D:5:      layout_rooms, mainiacjoe_overflow_concentric_impassable,
          grunt_temple_overflow_open
D:6:      layout_loops_ring
D:7:      layout_basic, slow_altar_1, overflow_temple_1_default,
          minmay_temple_entry_hall
D:8:      layout_loops_cross, mainiacjoe_overflow_six_doors_small,
          nemelex_diamond_rough_becter, serial_shops,
          nicolae_shop_temple_entry_statues_fountains, serial_undead,
          serial_undead_a, serial_undead_e, serial_undead_d, serial_undead_f,
          serial_undead_a, serial_undead_c, serial_undead_c, serial_undead_c,
          serial_undead_f, serial_undead_e, minmay_misc_feat_pillars,
          uniq_psyche
D:9:      minmay_angry_zag, layout_cave_pools
D:10:     layout_cave_pools, lemuel_doored_altar, amcnicky_altar_gilded,
          david_orc_5, serial_shops, nicolae_shop_overgrown_old_shop
D:11:     layout_layer_cave, erik_lair_dragon, nicolae_blasting_shop,
          elyvilon_altar_5

Skill      XL: |  1  2  3  4  5  6  7  8  9 10 11 |
---------------+----------------------------------+-----
Short Blades   | 1 2 3 4 5 9 10 | 10.0
Armour         | 3 4 5 6 7 10 | 10.0
Fighting       | 4 5 6 7 10 | 10.0
Throwing       | 9 12 | 12.0
Stealth        | 3 |  3.0
Shields        | 2 |  2.6
Long Blades    | |  0.8
Maces & Flails | |  3.2
Dodging        | |  1.5

Action                   |  1- 3 |  4- 6 |  7- 9 | 10-12 || total
-------------------------+-------+-------+-------+-------++-------
Melee: Mace              |    23 |       |       |       ||    23
       Dagger            |    60 |   177 |   289 |   558 ||  1084
       Short sword       |       |       |    22 |       ||    22
Throw: Stone             |       |       |    25 |    22 ||    47
Invok: Berserk           |       |     2 |     4 |     8 ||    14
       Trog's Hand       |       |       |     2 |     1 ||     3
  Use: Scroll            |       |       |    17 |     5 ||    22
       Potion            |       |       |     2 |       ||     2
 Stab: Sleeping          |     2 |       |       |       ||     2
Armor: Animal skin       |    16 |       |       |       ||    16
       Ring mail         |     4 |    61 |       |       ||    65
       Chain mail        |       |       |   161 |    14 ||   175
       Plate armour      |       |       |       |   237 ||   237
Dodge: Dodged            |    36 |    73 |    96 |   100 ||   305
Block: Other             |     8 |    25 |    52 |    69 ||   154
       Reflection        |       |       |     1 |     1 ||     2
       Buckler           |       |       |       |     9 ||     9

Table legend: (Time is in decaauts)
 A = Elapsed time spent in this place.
 B = Non-inter-level travel time spent in this place.
 C = Inter-level travel time spent in this place.
 D = Time resting spent in this place.
 E = Time spent auto-exploring this place.
 F = Levels seen in this place.
 G = Mean time per level.
                   A        B        C        D        E       F      G
               +--------+--------+--------+--------+--------+-----+--------+
         Total |  10538 |   9971 |    567 |    524 |   7475 |  11 |  958.0 |
       Dungeon |  10538 |   9971 |    567 |    524 |   7475 |  11 |  958.0 |
               +--------+--------+--------+--------+--------+-----+--------+

Top non-repeatable levels by time:
     D:1: 1306 daAuts
     D:8: 1126 daAuts
     D:7: 1083 daAuts
     D:4: 1077 daAuts
    D:11: 1045 daAuts
     D:6: 922 daAuts
    D:10: 903 daAuts
     D:2: 833 daAuts
     D:9: 782 daAuts
     D:3: 742 daAuts
     D:5: 714 daAuts
